Map: Disco Bloodbath LE

Players

Bly

  • Race: Zerg Zerg
  • Spawn Location: 9:00

uThermal - Winner!

  • Race: Terran Terran
  • Spawn Location: 3:00

VOD

Have the link to the VOD?

Description

Time

  • Played on: Sept. 6, 2019, 12:52 p.m.
  • Length: 12:32
Show
View Real Time Build Order
Export as new Build Order

Bly Zerg 

Build Orders: Hatch First 

Get SALT Encoding   

  12  0:01  Drone  
  13  0:12  Overlord  
  13  0:17  Drone  
  14  0:30  Drone x2  
  16  0:48  Hatchery  
  15  0:52  Drone  
  16  0:57  Drone  
  16  0:58  Drone  
  18  1:12  Extractor  
  18  1:14  Spawning Pool  
  18  1:16  Drone  
  17  1:20  Drone  
  18  1:27  Drone  
  19  1:38  Drone  
  20  1:49  Overlord  
  20  2:02  Queen x2  
  20  2:05  Zergling x4  
  26  2:11  Drone x2  
  26  2:15  Metabolic Boost  
  30  2:22  Drone x2  
  30  2:37  Drone x2  
  32  2:41  Queen  
  34  2:48  Overlord, Drone  
  35  2:54  Hatchery  
  35  2:57  Drone  
  35  3:01  Overlord  
  35  3:12  Drone x6  
  41  3:17  Drone x2  
  43  3:24  Overlord  
  43  3:36  Overlord  
  43  3:47  Queen  
  43  3:48  Queen  
  45  3:50  Zergling x16  
  45  3:51  Zergling x2  
  54  3:56  Zergling x2  
  55  4:05  Overlord  
  55  4:17  Drone x3  
  55  4:18  Queen, Drone x5  
  65  4:28  Overlord  
  65  4:38  Evolution Chamber  
  64  4:39  Drone x4, Evolution Chamber  
  64  4:40  Drone x3  
  70  4:52  Zergling x12  
  68  5:00  Zergling x8  
  68  5:06  Spore Crawler, Zerg Melee Weapons Level 1  
  71  5:07  Spore Crawler  
  71  5:09  Queen  
  72  5:14  Drone x6  
  72  5:19  Zerg Ground Armor Level 1  
  78  5:22  Overlord  
  78  5:31  Hatchery  
  70  5:42  Zergling x22  
  74  5:43  Overlord  
  74  5:48  Drone  
  74  5:49  Drone  
  76  5:57  Drone x2  
  78  6:00  Spore Crawler  
  72  6:15  Zergling x10  
  52  6:30  Zergling x8  
  51  6:36  Drone x2  
  48  6:47  Drone x3  
  50  6:54  Drone x4  
  50  6:59  Drone  
  50  7:00  Extractor, Drone x3  
  57  7:01  Hatchery  
  57  7:03  Evolution Chamber  
  52  7:14  Drone x5  
  52  7:20  Drone x3  
  52  7:22  Lair  
  55  7:24  Drone x2  
  57  7:30  Drone x5  
  57  7:31  Drone  
  57  7:32  Drone x3  
  57  7:35  Extractor  
  57  7:37  Roach Warren, Extractor  
  64  7:41  Drone x4  
  64  7:44  Zerg Missile Weapons Level 1  
  67  7:46  Drone x2  
  67  7:48  Evolution Chamber  
  67  7:49  Zergling x2  
  69  7:52  Zergling x12  
  69  7:57  Zergling x4  
  77  8:16  Drone x8  
  77  8:19  Overlord x2  
  85  8:20  Glial Reconstitution  
  85  8:22  Roach x6  
  97  8:27  Overseer  
  97  8:33  Roach x5  
  97  8:34  Roach  
  106  8:59  Roach x12  
  106  9:01  Overlord  
  129  9:07  Overlord  
  129  9:10  Extractor, Drone x6  
  129  9:11  Extractor  
  133  9:18  Burrow  
  133  9:28  Hatchery  
  132  9:36  Zergling x28  
  132  9:39  Baneling Nest  
  123  9:49  Roach x5  
  133  9:57  Roach x5  
  142  10:02  Overlord  
  142  10:05  Overlord  
  140  10:13  Tunneling Claws  
  138  10:18  Overlord  
  138  10:24  Baneling x16  
  138  10:30  Drone x4  
  138  10:31  Zergling x12, Extractor  
  138  10:32  Overlord  
  138  10:33  Ravager  
  149  10:36  Baneling x12  
  149  10:38  Hatchery  
  149  10:41  Extractor  
  134  10:51  Zergling x12  
  134  10:52  Zergling x18  
  133  11:00  Roach x4  
  133  11:01  Roach x4  
  122  11:13  Roach x5  
  110  11:20  Roach x2  
  110  11:24  Roach x2  
  115  11:26  Ravager x3, Roach x2  
  116  11:37  Roach x5  
  99  11:45  Roach x2  
  90  11:51  Roach x2  
  90  11:52  Queen  
  90  11:53  Queen  
  91  11:56  Roach x4  
  91  11:58  Roach x3  
  95  12:03  Roach x2  
  93  12:09  Roach  
Show
View Real Time Build Order
Export as new Build Order

uThermal Terran - Winner!

Build Orders:  

Get SALT Encoding   

  12  0:02  SCV  
  13  0:14  SCV  
  14  0:17  Supply Depot  
  14  0:26  SCV  
  15  0:38  SCV  
  15  0:39  Barracks  
  16  0:43  Refinery  
  16  0:50  SCV  
  17  1:02  SCV  
  18  1:15  SCV  
  19  1:26  Barracks Reactor  
  19  1:27  Orbital Command  
  19  1:39  Command Center  
  19  1:49  Supply Depot  
  19  1:52  SCV  
  20  2:02  Marine x2  
  20  2:04  SCV  
  23  2:10  Factory  
  23  2:20  Marine x2, SCV  
  26  2:30  Refinery  
  26  2:32  SCV  
  27  2:38  Marine x2  
  27  2:44  SCV  
  30  2:51  Orbital Command  
  30  2:55  Starport  
  30  2:56  SCV  
  30  2:58  Factory Reactor  
  31  2:59  Marine  
  31  3:02  Marine  
  33  3:08  SCV  
  33  3:17  SCV  
  33  3:18  Marine  
  35  3:20  Marine, SCV  
  35  3:22  Supply Depot  
  37  3:29  SCV  
  39  3:36  Marine  
  39  3:38  Marine, Medivac x2  
  44  3:41  Widow Mine  
  44  3:45  SCV  
  47  3:49  Supply Depot  
  47  3:50  SCV  
  47  3:54  Marine  
  49  3:55  Marine  
  49  3:57  SCV  
  49  4:02  SCV  
  52  4:09  SCV  
  53  4:12  Command Center, Supply Depot  
  53  4:16  Liberator  
  53  4:23  SCV x2  
  53  4:24  Liberator  
  55  4:30  Hellion x2  
  59  4:35  SCV  
  62  4:42  SCV  
  66  4:46  Supply Depot  
  66  4:48  SCV  
  66  4:51  Hellion  
  69  5:04  SCV, Refinery  
  69  5:06  Refinery  
  70  5:08  SCV, Hellion  
  70  5:09  Supply Depot  
  70  5:13  Hellion  
  75  5:24  SCV  
  75  5:26  Factory x2  
  76  5:30  SCV  
  76  5:32  Hellion  
  76  5:34  Hellion  
  80  5:39  Barracks Tech Lab  
  80  5:40  SCV  
  77  5:44  Orbital Command  
  77  5:46  SCV  
  78  5:54  SCV, Hellion  
  81  6:01  SCV  
  79  6:07  Factory x2  
  79  6:08  Barracks Tech Lab  
  67  6:12  SCV  
  67  6:14  Hellion  
  65  6:19  Factory Tech Lab  
  65  6:22  SCV  
  66  6:27  Hellion  
  66  6:29  Hellion  
  66  6:32  SCV  
  69  6:35  Orbital Command  
  69  6:36  SCV  
  68  6:40  Cyclone  
  68  6:44  Mag-Field Accelerator, SCV  
  68  6:48  SCV, Hellion  
  68  6:50  Cyclone  
  68  6:52  Factory Tech Lab  
  72  6:57  SCV  
  74  7:01  SCV, Armory  
  74  7:04  Armory  
  74  7:06  Hellion  
  74  7:08  Hellion  
  78  7:11  Cyclone  
  78  7:14  Cyclone  
  80  7:15  SCV  
  80  7:17  SCV  
  80  7:18  SCV  
  79  7:25  Supply Depot  
  79  7:26  Refinery  
  79  7:28  SCV, Refinery  
  79  7:29  SCV, Hellion  
  83  7:30  SCV  
  83  7:33  Cyclone  
  83  7:35  Infernal Pre-Igniter  
  87  7:40  SCV, Supply Depot  
  87  7:41  Cyclone, SCV  
  93  7:44  SCV  
  93  7:48  Supply Depot  
  93  7:51  Cyclone x2  
  99  7:52  SCV  
  99  7:56  SCV, Terran Vehicle Weapons Level 1  
  99  7:57  SCV  
  102  7:58  Supply Depot  
  102  8:00  Hellion x2  
  102  8:02  Terran Vehicle And Ship Armor Level 1  
  102  8:04  SCV  
  107  8:07  Cyclone  
  107  8:08  SCV  
  111  8:13  Hellion  
  111  8:19  SCV  
  114  8:21  Engineering Bay  
  114  8:23  Cyclone x2, Command Center  
  114  8:25  Hellion  
  122  8:28  Hellion  
  122  8:30  SCV  
  122  8:31  Supply Depot  
  122  8:33  Supply Depot  
  125  8:34  Cyclone  
  125  8:39  Cyclone, Hellion x2  
  131  8:43  Supply Depot  
  131  8:48  Hellion  
  133  8:52  Hellion x5  
  133  8:55  Cyclone x2  
  141  9:07  Hellion  
  141  9:09  Hellion  
  145  9:11  Hellion  
  145  9:13  Command Center, Smart Servos  
  145  9:14  Hellion  
  149  9:27  Cyclone, Hellion  
  149  9:28  Hellion  
  149  9:29  Supply Depot  
  156  9:31  Hellion, Supply Depot  
  156  9:35  Cyclone, Hellion  
  161  9:39  SCV  
  156  9:48  Cyclone  
  156  9:49  Cyclone, SCV  
  163  9:55  Terran Vehicle Weapons Level 2  
  163  9:56  Terran Vehicle And Ship Armor Level 2  
  163  9:59  Cyclone  
  166  10:02  Refinery  
  166  10:03  SCV  
  166  10:05  Refinery  
  167  10:09  Sensor Tower  
  165  10:14  Planetary Fortress  
  165  10:15  SCV  
  165  10:16  Cyclone  
  165  10:18  Hellion  
  165  10:19  Hellion  
  173  10:24  Cyclone  
  173  10:25  Cyclone, Hellion x10  
  173  10:28  Orbital Command  
  179  10:29  SCV  
  179  10:31  SCV x2  
  182  10:42  Cyclone, Hellion  
  183  10:43  SCV, Hellion  
  183  10:48  Cyclone  
  180  10:57  Cyclone, Hellion  
  168  11:04  Hellion  
  170  11:05  Hellion  
  153  11:14  Cyclone  
  147  11:18  Hellion  
  147  11:21  Cyclone  
  147  11:25  Hellion  
  149  11:26  Hellion  
  149  11:29  Hellion  
  134  11:40  Hellion  
  134  11:46  Cyclone, Hellion  
  136  11:48  Factory, Hellion  
  136  11:49  Factory  
  136  11:50  Cyclone, Factory  
  136  11:53  Cyclone  
  138  12:01  Hellion  
  138  12:08  Hellion  
  135  12:09  Hellion  
Tags
 
Add a new tag
Caveats
  • Supply blocks, unpowered buildings, or Contaminate may cause inaccurate times.
  • Supply counts are checked every 10 seconds.